 Dungeon Crawl Stone Soup version 0.25.0-9-g26727b657a (webtiles) character file.

Game seed: 2015226679182673623

23 sanka the Magician (level 2, -3/19 HPs)
             Began as a Mummy Enchanter on June 21, 2020.
             Slain by a kobold
             ... wielding a +0 short sword
              (5 damage)
             ... on level 1 of the Dungeon.
             The game lasted 00:01:27 (737 turns).

sanka the Magician (Mummy Enchanter)                 Turns: 737, Time: 00:01:27

Health: -3/19      AC:  2    Str: 11    XL:     2   Next: 72%
Magic:  0/6        EV: 12    Int: 14    God:
Gold:   19         SH:  0    Dex: 12    Spells: 4/7 levels left

rFire    x . .     SeeInvis .   a - +1 dagger
rCold    + . .     Gourm    .   (no shield)
rNeg     + + +     Faith    .   b - +0 robe
rPois    ∞         Spirit   .   (no helmet)
rElec    .         Reflect  .   (no cloak)
rCorr    .         Harm     .   (no gloves)
MR       .....                  (no boots)
Stlth    ++........             (no amulet)
HPRegen  0.06/turn              (no ring)
MPRegen  0.10/turn              (no ring)

@: no status effects
A: no food or potions, fire vulnerability, cold resistance 1, negative energy
resistance 3, torment resistance, unbreathing
a: no special abilities


You were on level 1 of the Dungeon.
You were not hungry.

You visited 1 branch of the dungeon, and saw 1 of its levels.

You collected 19 gold pieces.


Innate Abilities, Weirdness & Mutations

You do not eat or drink.
Your flesh is vulnerable to fire.
You are immune to poison.
Your flesh is cold resistant. (rC+)
You are immune to negative energy. (rN+++)
You are immune to unholy pain and torment.
You can survive without breathing.


   Skills:
 + Level 1.3 Short Blades
 - Level 1.5 Dodging
 + Level 2.7 Stealth
 - Level 3.0 Spellcasting
 - Level 3.0 Hexes


You had 4 spell levels left.
You knew the following spells:

 Your Spells              Type           Power        Failure   Level  Hunger
z - Ensorcelled Hibernat  Hex/Ice        #.....       17%         2    N/A
Z - Corona                Hex            ##.....      6%          1    N/A

Your spell library contained the following spells:

 Spells                   Type           Power        Failure   Level  Hunger
 Confusing Touch          Hex            ##......     19%         3    N/A
 Tukima's Dance           Hex            ##......     19%         3    N/A
 Dazzling Flash           Conj/Hex       #.....       34%         3    N/A

Inventory:

Hand Weapons
 a - a +1 dagger (weapon)
Missiles
 c - 10 poisoned darts (quivered)
Armour
 b - a +0 robe (worn)
Scrolls
 d - 2 scrolls of remove curse {unknown}

Dungeon Overview and Level Annotations

Branches:
Dungeon (1/15)

Altars:

▒......▒ ▒.. ▒.... . ▒▒▒▒▒..▒
▒...▒....▒. ▒..▒ ▒...▒.....▒
▒▒▒ ▒▒▒..▒ ▒.........▒▒▒▒.▒
▒....▒▒
▒..▒...........▒▒▒▒▒▒▒▒.▒▒...
▒▒.>..........................
........▒▒.▒▒▒▒.▒▒.▒▒▒...▒▒...
▒▒..........KM.....(.'...+....
.......(▒▒.▒▒▒▒.▒▒.▒▒▒...▒▒...
▒▒......▒▒.▒ ▒.▒▒.▒ ▒...▒▒...
........▒▒.▒ ▒.▒▒.▒ ▒...+..▒▒
.........▒.▒ ▒.▒▒.▒▒▒...▒▒▒▒▒
.▒.........▒ ▒.▒▒.▒▒........▒
Kl.......▒.. .....▒▒........▒
..▒......▒.▒ ▒.▒▒▒▒▒.........
............ ..▒ ▒▒▒▒▒▒▒▒.▒


You could see a kobold.


Message History

You closely miss the kobold.
The kobold is severely wounded.
The kobold closely misses you.
You hit the kobold but do no damage.
The kobold is severely wounded.
The kobold barely misses you.
You closely miss the kobold.
The kobold is severely wounded.
Aiming: Ensorcelled Hibernation (safe; 17% risk of failure)
Aim: a kobold, wielding a +0 short sword (severely wounded, chance to defeat MR: 55%)
The kobold resists with significant effort.
The kobold hits you with a +0 short sword.
You barely miss the kobold.
The kobold is severely wounded.
The kobold hits you with a +0 short sword.
* * * LOW HITPOINT WARNING * * *
Aiming: Ensorcelled Hibernation (safe; 17% risk of failure)
Aim: a kobold, wielding a +0 short sword (severely wounded, chance to defeat MR: 55%)
The kobold resists with significant effort.
The kobold hits you with a +0 short sword.
* * * LOW HITPOINT WARNING * * *
Aiming: Ensorcelled Hibernation (safe; 17% risk of failure)
Aim: a kobold, wielding a +0 short sword (severely wounded, chance to defeat MR: 55%)
The kobold resists with significant effort.
The kobold hits you with a +0 short sword.
* * * LOW HITPOINT WARNING * * *
You barely miss the kobold.
The kobold is severely wounded.
The kobold hits you with a +0 short sword.
You die...

Action                   || total
-------------------------++-------
Melee: Dagger            ||    66
 Cast: Corona            ||     4
       Ensorcelled Hiber ||     8
 Stab: Sleeping          ||     6
Armor: Robe              ||    13
Dodge: Dodged            ||    41

Levels and vault maps discovered:
D:1:      saegor_arrival_simple_e, layout_basic

Notes
Turn   | Place    | Note
-------+----------+-------------------------------------------
     0 | D:1      | sanka the Mummy Enchanter began the quest for the Orb.
     0 | D:1      | Reached XP level 1. HP: 13/13 MP: 4/4
   206 | D:1      | Reached skill level 1 in Short Blades
   316 | D:1      | Reached XP level 2. HP: 19/19 MP: 3/5
   325 | D:1      | Learned a level 2 spell: Ensorcelled Hibernation
   368 | D:1      | Reached skill level 3 in Spellcasting
   718 | D:1      | Reached skill level 3 in Hexes
   736 | D:1      | HP: 1/19 [kobold/+0 short sword (6)]
   737 | D:1      | Slain by a kobold

Vanquished Creatures
  2 dart slugs (D:1)
  A ball python (D:1)
  3 giant cockroaches (D:1)
  3 goblins (D:1)
  2 hobgoblins (D:1)
  3 bats (D:1)
  A frilled lizard (D:1)
  2 kobolds (D:1)
  A rat (D:1)
18 creatures vanquished.
